 Dungeon Crawl Stone Soup version 0.22-a0-266-g5fdf0d7 (webtiles) character file.

448342 kuniqs the Tortoise (level 23, -12/253 HPs)
             Began as a Deep Dwarf Fighter on Mar 8, 2018.
             Was the Champion of Makhleb.
             Killed from afar by a deep elf annihilator (39 damage)
             ... with a crystal spear
             ... on level 5 of the Vaults on Mar 9, 2018.
             The game lasted 01:16:09 (36508 turns).

kuniqs the Tortoise (Deep Dwarf Fighter)           Turns: 36508, Time: 01:16:10

Health: -12/253    AC: 36    Str: 30    XL:     23   Next: 15%
Magic:  13/13      EV: 23    Int:  6    God:    Makhleb [******]
Gold:   2252       SH: 34    Dex: 21    Spells: 22/22 levels left

rFire    + . .     SeeInvis .   I - +8 war axe of Wovi {holy, Dex+2}
rCold    + + .     Gourm    .   q - +3 large shield {rC+}
rNeg     + . .     Faith    .   e - +1 plate armour {rF+}
rPois    +         Spirit   .   U - +2 helmet "Ciusiow" {rPois Int-5 Dex+4}
rElec    +         Reflect  +   (no cloak)
rCorr    .         Harm     .   H - +0 pair of gloves
MR       +++..     Clarity  +   X - +2 pair of boots
Stlth    ..........             F - +6 amulet of reflection
HPRegen  0.00/turn              m - ring of the Three Tables {rElec Str+2 Dex+3 Stlth+}
MPRegen  0.13/turn              S - +5 ring of protection

@: non-regenerating
A: damage resistance, heal wounds, molten scales 1, clarity, cold resistance 1,
negative energy resistance 1, sense surroundings 3, robust 1, no regeneration
}: 2/15 runes: serpentine, barnacled
a: Heal Wounds, Minor Destruction, Lesser Servant of Makhleb, Major Destruction,
Greater Servant of Makhleb, Renounce Religion


You were on level 5 of the Vaults.
You worshipped Makhleb.
Makhleb was exalted by your worship.
You were hungry.

You visited 9 branches of the dungeon, and saw 41 of its levels.
You visited the Abyss 1 time.
You visited 1 bazaar.
You also visited: Bailey, Ice Cave and Wizlab.

You collected 5620 gold pieces.
You spent 3368 gold pieces at shops.

Inventory:

Hand Weapons
 y - a +2 war axe of electrocution
 B - a +2 war axe of flaming
 I - the +8 war axe of Wovi (weapon) {holy, Dex+2}
   (You acquired it on level 13 of the Dungeon)

   It has been blessed by the Shining One to cause great damage to the undead
   and demons.
   It affects your dexterity (+2).
 L - a +0 broad axe
Armour
 e - a +1 plate armour of fire resistance (worn)
 q - a +3 large shield of cold resistance (worn)
 H - a +0 pair of gloves (worn)
 U - the +2 helmet "Ciusiow" (worn) {rPois Int-5 Dex+4}
   (You found it on level 4 of the Shoals)

   It affects your intelligence (-5).
   It affects your dexterity (+4).
   It protects you from poison.
 W - +0 ice dragon scales
 X - a +2 pair of boots (worn)
Jewellery
 m - the ring of the Three Tables (left hand) {rElec Str+2 Dex+3 Stlth+}
   (You bought it in a shop on level 12 of the Dungeon)

   [ring of stealth]

   It affects your strength (+2).
   It affects your dexterity (+3).
   It insulates you from electricity.
   It makes you more stealthy.
 F - a +6 amulet of reflection (around neck)
 S - a +5 ring of protection (right hand)
Wands
 g - a wand of random effects (28)
 p - a wand of acid (18)
 r - a wand of flame (84)
 t - a wand of digging (12)
 u - a wand of disintegration (21)
 G - a wand of polymorph (20)
 M - a wand of enslavement (9)
 O - a wand of iceblast (23)
 P - a wand of paralysis (33)
 R - a wand of clouds (3)
 T - a wand of scattershot (10)
Scrolls
 b - 12 scrolls of remove curse {@r2}
 i - 4 scrolls of magic mapping
 j - 2 scrolls of fear
 k - 10 scrolls of enchant armour
 l - 14 scrolls of teleportation
 o - 7 scrolls of fog
 s - 8 scrolls of summoning
 x - 6 scrolls of blinking
 C - 7 scrolls of enchant weapon
 J - 4 scrolls of immolation
 Q - 6 scrolls of identify {@r1}
 V - a scroll of silence
Potions
 a - a potion of invisibility
 d - 8 potions of might
 h - 17 potions of curing {@q1}
 n - a potion of berserk rage
 v - 13 potions of flight
 w - 3 potions of heal wounds
 z - 6 potions of lignification
 A - 2 potions of cancellation
 D - 3 potions of haste
 E - 8 potions of agility
 K - 2 potions of resistance
 N - 13 potions of mutation
Comestibles
 c - 4 chunks of flesh
 f - 83 rations


   Skills:
 + Level 18.8 Fighting
 - Level 18.0 Axes
 - Level 20.0 Armour
 - Level 20.0 Dodging
 - Level 20.0 Shields
 - Level 6.0 Invocations


You had 22 spell levels left.
You didn't know any spells.

Dungeon Overview and Level Annotations

Branches:
Dungeon (15/15)            Temple (1/1) D:5            Lair (6/6) D:10
 Shoals (4/4) Lair:4        Snake (4/4) Lair:2        Slime (0/5) Lair:5
    Orc (2/2) D:9             Elf (3/3) Orc:2        Vaults (5/5) D:14
  Crypt (0/3) Vaults:2     Depths (1/5) D:15

Altars:
Ashenzari
Cheibriados
Dithmenos
Elyvilon
Fedhas
Gozag
Hepliaklqana
Kikubaaqudgha
Makhleb
Nemelex Xobeh
Okawaru
Qazlal
Ru
Sif Muna
Trog
Uskayaw
Vehumet
Wu Jian
Xom
Yredelemnul
Zin
The Shining One
Beogh

Shops:
D:6 (   D:7 [   D:10 *   D:11 ?   D:12 =   D:14 %   Orc:2 }%*=   Elf:2 ***
Shoals:4 %=   Vaults:1 *

Portals:
Abyss: Depths:1
Trove: Elf:3 (give +4 ice dragon scales)

Annotations:
Shoals:1 exclusion: Roxanne, Roxanne
Snake:4 1 exclusion


Innate Abilities, Weirdness & Mutations

You are resistant to damage.
You can heal yourself by infusing magical energy.
You resist negative energy. (rN+)
You passively map a large area around you.
You do not regenerate.
You are partially covered in molten scales. (AC +2)
You possess an exceptional clarity of mind.
Your flesh is cold resistant. (rC+)
You are robust. (+10% HP)


Message History

The air twists around and strikes you!
The deep elf annihilator completely misses you.
You block the storm dragon's attack. x3
You slash the titan! You slash the shadow dragon!
You slash the deep elf annihilator! You slash the vault sentinel!
You slash the spriggan! You closely miss the storm dragon.
You block the shadow dragon's attack. The shadow dragon barely misses you.
You block the shadow dragon's attack. You block the vault guard's attack.
The titan gestures wildly while chanting.
The titan is healed somewhat.
The vault sentinel hits you with an uncursed war axe!
* * * LOW HITPOINT WARNING * * *
The storm dragon barely misses you. The storm dragon completely misses you.
You block the storm dragon's attack.
You feel much better. You block the spriggan's attack.
The shadow dragon bites you but does no damage.
You block the shadow dragon's attack. x2
The deep elf annihilator gestures at you while chanting.
The crystal spear hits you!
You die... *,, *,, , , ,* , , , , ... , , , #..##### *#### , ,........ ?$))| , ........ ,.$...,,,, , #......# ...... , , ## ...C.##......##, ,, , *... *#GpeDe.#

.... , ,
....##.i@COY##.... ,, ,
#.....D##p....... * , ,
#....p.##........, , , ,
, ....##..)D)pT...# , *
....##..)D)(....#*,
,#...T###.....))p)(##...
* ,C #.Tp.# #....%..)..#
. ...D #....#
.(....(##..(. p.. .
#..T.#....ยง...##......*
, ..p


You could see a shadow dragon, 2 titans, a storm dragon, a vault guard, an
elephant shaped shifter, a deep elf annihilator, a great orb of eyes, a
two-headed ogre, a deep troll, 2 vault sentinels, a deep elf high priest and a
spriggan shaped shifter.

Vanquished Creatures
  Saint Roka (Snake:4)
  A mutant beast (WizLab)
  A tentacled monstrosity (Vaults:5)
  A quicksilver dragon (Vaults:5)
  2 deep elf blademasters
  A titan (Vaults:5)
  Polyphemus (Shoals:3)
  A kraken (Shoals:1)
  3 sphinxes
  A tentacled starspawn (Abyss:1)
  Gastronok (Lair:3)
  2 storm dragons (Vaults:5)
  The ghost of Zwobot the Arsonist, an adept OpEn of Ru (Vaults:1)
  The ghost of Ghella the Severer, an adept DrBe of Trog (Elf:1)
  2 tengu reavers
  8 nagarajas
  A fire giant (D:15)
  A frost giant (IceCv)
  7 deep elf sorcerers
  Aizul (Snake:3)
  An orc warlord (Orc:2)
  The ghost of RoseArtemis the Tortoise, a journeyman MiFi of Okawaru (Orc:2)
  10 vault wardens
  14 ironheart preservers
  2 deep elf elementalists (Elf:3)
  13 very ugly things
  A war gargoyle (Vaults:5)
  5 stone giants
  4 entropy weavers
  The ghost of torrenera the Severer, a journeyman HOFi of Qazlal (Orc:2)
  7 deep elf demonologists
  6 deep elf annihilators
  7 deep elf death magi
  4 ettins
  A crystal guardian (Vaults:3)
  5 merfolk javelineers (Shoals:4)
  Snorg (D:13)
  4 merfolk impalers
  6 deep elf high priests
  2 rakshasas
  A great orb of eyes (Vaults:2)
  A fire dragon (Vaults:1)
  9 yaktaur captains
  9 hydras
  18 naga warriors
  20 vault guards
  3 alligator snapping turtles
  4 merfolk avatars
  2 centaur warriors
  10 anacondas
  The ghost of varam the Covert, a journeyman SpEn of Gozag (D:13)
  2 ice dragons
  A two-headed ogre (shapeshifter) (Vaults:5)
  Fannar (Lair:3)
  11 merfolk aquamancers
  47 two-headed ogres
  21 dancing weapons
  13 ogre magi
  2 catoblepae
  A satyr (Shoals:4)
  A tengu warrior (D:15)
  4 death yaks
  4 deep troll shamans
  2 orc high priests
  A thrashing horror (Abyss:1)
  Urug (D:14)
  An iron golem (WizLab)
  15 naga sharpshooters
  2 deep troll earth magi (Depths:1)
  8 shock serpents
  13 deep elf knights
  Nergalle (Lair:4)
  12 skeletal warriors
  5 salamander mystics
  A hell knight (Vaults:5)
  3 shadow wraiths
  A spatial maelstrom (Abyss:1)
  12 sea snakes
  4 starcursed masses (Abyss:1)
  3 unseen horrors
  A flayed ghost (Vaults:3)
  2 glowing orange brains
  15 deep trolls
  9 naga ritualists
  19 ironbrand convokers
  2 wizards
  2 harpies (shapeshifter)
  A necromancer (Vaults:1)
  2 phantasmal warriors
  Pikel (D:9)
  10 deep elf archers
  9 large abominations
  15 harpies
  15 orc knights
  5 orc sorcerers
  39 ugly things
  5 wolf spiders
  A sphinx skeleton (Vaults:2)
  13 mana vipers
  2 salamanders (shapeshifter) (WizLab)
  A tengu skeleton (Vaults:2)
  68 deep elf magi
  14 manticores
  16 fauns
  5 cyclopes
  15 salamanders
  A centaur zombie (D:12)
  6 merfolk sirens
  6 elephants
  An elephant (shapeshifter) (Vaults:3)
  2 stone giant skeletons (Vaults:2)
  39 black mambas
  5 water nymphs
  A fire giant skeleton (Vaults:2)
  A guardian serpent (shapeshifter) (WizLab)
  Joseph (D:7)
  A water nymph (shapeshifter) (D:14)
  15 vault sentinels
  A black mamba (shapeshifter) (WizLab)
  5 guardian serpents
  29 naga magi
  An ice statue (IceCv)
  24 spiny frogs
  8 gargoyles
  A centaur skeleton (D:14)
  3 rime drakes (Lair:5)
  A komodo dragon (shapeshifter) (WizLab)
  9 freezing wraiths
  9 komodo dragons
  A yaktaur (shapeshifter) (Vaults:4)
  22 yaktaurs
  A redback zombie (D:15)
  A tengu conjurer (D:15)
  2 jumping spiders (shapeshifter)
  5 tyrant leeches (Lair:6)
  5 wind drakes
  27 merfolk
  3 meliai (Lair:5)
  A meliai (shapeshifter) (WizLab)
  2 polar bears (shapeshifter)
  A troll (shapeshifter) (Vaults:4)
  14 trolls
  A queen bee (Lair:5)
  A harpy skeleton (D:15)
  19 slime creatures
  21 polar bears
  4 hornets
  Grinder (D:4)
  3 hornets (shapeshifter)
  A raiju (shapeshifter) (WizLab)
  3 raiju (Abyss:1)
  A jumping spider (Vaults:4)
  31 blink frogs
  6 dream sheep
  A hippogriff (shapeshifter) (WizLab)
  A wind drake (shapeshifter) (WizLab)
  18 hippogriffs
  8 snapping turtles
  A snapping turtle (shapeshifter) (WizLab)
  2 redbacks (Vaults:5)
  A vampire (D:14)
  3 air elementals
  21 water elementals
  A spriggan (Lair:3)
  A spriggan (shapeshifter) (Vaults:4)
  51 yaks
  2 yaks (shapeshifter)
  3 wraiths
  6 wyverns
  Eustachio (D:5)
  2 ettin skeletons (Vaults:2)
  11 basilisks
  2 hogs (shapeshifter) (WizLab)
  A chaos spawn (Abyss:1)
  A fire elemental (Elf:2)
  8 vampire mosquitoes
  A neqoxec (Abyss:1)
  9 wargs
  2 soldier ants (shapeshifter) (WizLab)
  2 acid dragons
  A naga (shapeshifter) (WizLab)
  8 water moccasins
  2 human zombies (Vaults:1)
  79 nagas
  An acid dragon (shapeshifter) (WizLab)
  A hell hound (Lair:5)
  A soldier ant (D:13)
  4 floating eyes (WizLab)
  10 porcupines
  56 orc warriors
  2 sky beasts
  A slave (D:9)
  An ettin simulacrum (Vaults:1)
  4 black bears
  A phantom (D:4)
  2 ice beasts
  An eye of draining (shapeshifter) (WizLab)
  22 wolves
  5 boggarts (Vaults:3)
  46 ogres
  11 centaurs
  6 crocodiles
  A big kobold (D:9)
  Blork the orc (D:6)
  8 small abominations
  A big kobold (shapeshifter) (WizLab)
  The ghost of Zwobot the Cutter, an amateur VSGl of Makhleb (D:3)
  24 bullfrogs
  An earth elemental (Elf:3)
  A water moccasin zombie (D:6)
  A wyvern skeleton (D:6)
  3 scorpions
  A human simulacrum (Vaults:3)
  21 killer bees (Lair:5)
  14 wights
  A howler monkey (D:4)
  A bullfrog zombie (D:6)
  9 crimson imps
  6 hounds
  27 orc priests
  6 jellies
  36 orc wizards
  2 iguanas
  15 human skeletons
  13 worker ants
  A hound skeleton (D:10)
  A worker ant zombie (D:5)
  2 gnolls (D:9)
  7 adders
  4 shadow imps
  12 white imps (Lair:1)
  An ufetubus (Abyss:1)
  2 oozes
  An adder skeleton (D:5)
  4 worms
  2 leopard geckos
  151 orcs
  4 bats
  9 giant cockroaches
  8 goblins
  6 hobgoblins
  22 jackals
  13 kobolds
  4 quokkas
  7 frilled lizards
  10 rats
  2 bushes (Lair:5)
  8 crawling corpses (Elf:3)
  6 fungi
  27 plants
  2 starspawn tentacles (Abyss:1)
  2 tentacles (Shoals:1)
1975 creatures vanquished.

Vanquished Creatures (collateral kills)
  A very ugly thing (WizLab)
1 creature vanquished.

Vanquished Creatures (others)
  Vashnia (Snake:2)
  2 deep elf master archers (Elf:3)
  Ilsuiw (Shoals:4)
  A stone giant (Vaults:3)
  2 merfolk javelineers (Shoals:4)
  3 yaktaur captains
  An ogre mage (Vaults:2)
  2 centaur warriors
  3 naga sharpshooters
  4 deep elf knights
  7 deep elf archers
  A deep elf mage (Elf:3)
  4 fauns
  2 cyclopes
  A naga mage (Snake:2)
  A guardian serpent (Snake:3)
  9 yaktaurs
  2 nagas
  An orc warrior (Snake:4)
  A centaur (Shoals:1)
  A small abomination (Abyss:1)
  2 orcs
  10 fungi
  52 plants
  2 starspawn tentacles (Abyss:1)
  8 tentacles (Shoals:1)
124 creatures vanquished.

Grand Total: 2100 creatures vanquished

Notes
Turn   | Place    | Note
-------+----------+-------------------------------------------
     0 | D:1      | kuniqs the Deep Dwarf Fighter began the quest for the Orb.
     0 | D:1      | Reached XP level 1. HP: 20/20 MP: 1/1
   141 | D:1      | Reached XP level 2. HP: 21/27 MP: 2/2
   196 | D:1      | Reached skill level 1 in Dodging
   738 | D:2      | Reached XP level 3. HP: 30/33 MP: 3/3
  1109 | D:2      | Found a shadowy altar of Dithmenos.
  1734 | D:3      | Reached XP level 4. HP: 28/42 MP: 4/4
  1839 | D:3      | Noticed Zwobot's ghost (amateur VSGl)
  1848 | D:3      | Killed Zwobot's ghost
  1848 | D:3      | Reached XP level 5. HP: 30/49 MP: 5/5
  2206 | D:4      | Noticed a phantom
  2208 | D:4      | Noticed an ogre
  2226 | D:4      | Killed an ogre
  2226 | D:4      | Reached XP level 6. HP: 50/56 MP: 5/5
  2258 | D:4      | Noticed Grinder
  2289 | D:4      | Paralysed by Grinder for 3 turns
  2301 | D:4      | Paralysed by Grinder for 3 turns
  2310 | D:4      | Paralysed by Grinder for 6 turns
  2324 | D:4      | Killed Grinder
  2324 | D:4      | Reached skill level 5 in Armour
  2324 | D:4      | Reached XP level 7. HP: 50/64 MP: 6/6
  2324 | D:4      | Reached skill level 5 in Shields
  2544 | D:5      | Entered Level 5 of the Dungeon
  2575 | D:5      | Found a staircase to the Ecumenical Temple.
  2584 | Temple   | Entered the Ecumenical Temple
  2784 | D:5      | Noticed Eustachio
  2796 | D:5      | Killed Eustachio
  2960 | D:5      | Reached skill level 5 in Axes
  2960 | D:5      | Reached XP level 8. HP: 58/73 MP: 6/6
  3573 | D:6      | Reached skill level 5 in Fighting
  3583 | D:6      | Reached skill level 5 in Dodging
  3587 | D:6      | Noticed Blork the orc
  3588 | D:6      | Found Bucekana's Antique Weapon Emporium.
  3599 | D:6      | Killed Blork the orc
  3651 | D:6      | Bought a runed war axe for 156 gold pieces
  3859 | D:6      | Gained mutation: You passively map the area around you. [Deep Dwarf growth]
  3859 | D:6      | Reached XP level 9. HP: 72/81 MP: 5/5
  4383 | D:7      | Found a snail-covered altar of Cheibriados.
  4572 | D:7      | Noticed Joseph
  4581 | D:7      | Killed Joseph
  4782 | D:7      | Found Baupruydd's Antique Armour Emporium.
  4790 | D:7      | Bought a shiny chain mail for 187 gold pieces
  5128 | D:8      | Noticed a two-headed ogre
  5140 | D:8      | Killed a two-headed ogre
  5171 | D:8      | Found a hide-covered altar of Uskayaw.
  5175 | D:8      | Reached XP level 10. HP: 81/92 MP: 6/6
  5700 | D:9      | Found a staircase to the Orcish Mines.
  5842 | D:9      | Found a flagged portal.
  5855 | Bailey   | Entered a bailey
  5879 | Bailey   | Noticed an orc knight
  5879 | Bailey   | Noticed an orc knight
  5926 | Bailey   | Killed an orc knight
  5937 | Bailey   | Killed an orc knight
  5961 | Bailey   | Found an iron altar of Okawaru.
  5961 | Bailey   | Noticed an orc sorcerer
  5961 | Bailey   | Noticed an orc knight
  6149 | D:9      | Noticed Pikel
  6174 | D:9      | Noticed a two-headed ogre
  6203 | D:9      | Killed Pikel
  6208 | D:9      | Killed a two-headed ogre
  6411 | D:9      | Found a sacrificial altar of Ru.
  6411 | D:9      | Found a burning altar of Makhleb.
  6424 | D:9      | Found a bloodstained altar of Trog.
  6427 | D:9      | Became a worshipper of Makhleb the Destroyer
  6430 | D:9      | Found a sparkling altar of Nemelex Xobeh.
  6432 | D:9      | Found an ancient bone altar of Kikubaaqudgha.
  6528 | D:10     | Entered Level 10 of the Dungeon
  6528 | D:10     | Noticed a two-headed ogre
  6536 | D:10     | Killed a two-headed ogre
  6536 | D:10     | Reached skill level 1 in Invocations
  6536 | D:10     | Reached XP level 11. HP: 84/100 MP: 3/3
  6565 | D:10     | Found Huufroso's General Store.
  6580 | D:10     | Reached * piety under Makhleb
  6599 | D:10     | Bought a potion of heal wounds for 70 gold pieces
  6599 | D:10     | Bought a scroll of identify for 28 gold pieces
  6890 | D:10     | Found a staircase to the Lair.
  6912 | D:10     | Reached ** piety under Makhleb
  7059 | D:10     | Found a stormy altar of Qazlal.
  7343 | D:11     | Noticed a two-headed ogre
  7350 | D:11     | Killed a two-headed ogre
  7489 | D:11     | Noticed a cyan ugly thing
  7500 | D:11     | Killed a cyan ugly thing
  7529 | D:11     | Found Inoich's Magic Scroll Emporium.
  7559 | D:11     | Bought a scroll of enchant weapon for 112 gold pieces
  7559 | D:11     | Bought a scroll of random uselessness for 15 gold pieces
  7976 | D:11     | Got an ancient ring mail
  7987 | D:11     | Identified the +3 ring mail "Qiomattusaxt" {rC+} (You found it on level 11 of the Dungeon)
  8034 | Lair:1   | Entered Level 1 of the Lair of Beasts
  8062 | Lair:1   | Reached *** piety under Makhleb
  8125 | Lair:1   | Found a frozen archway.
  8130 | Lair:1   | Reached skill level 10 in Shields
  8142 | Lair:1   | Reached skill level 5 in Invocations
  8197 | IceCv    | Entered an ice cave
  8203 | IceCv    | Reached skill level 10 in Armour
  8246 | IceCv    | Reached XP level 12. HP: 112/112 MP: 6/6
  8519 | IceCv    | Reached **** piety under Makhleb
  8546 | IceCv    | Reached skill level 10 in Axes
  8564 | IceCv    | Noticed a frost giant
  8588 | IceCv    | Killed a frost giant
  8588 | IceCv    | Reached skill level 10 in Dodging
  9459 | Lair:2   | Found a staircase to the Snake Pit.
 10021 | Lair:3   | Noticed Gastronok
 10037 | Lair:3   | Killed Gastronok
 10037 | Lair:3   | Reached XP level 13. HP: 63/121 MP: 8/8
 10498 | Lair:3   | Noticed Fannar
 10506 | Lair:3   | Killed Fannar
 10918 | Lair:4   | Identified a scroll of acquirement
 10981 | Lair:4   | Found a staircase to the Shoals.
 11034 | Lair:4   | Reached skill level 10 in Fighting
 11270 | Lair:4   | Noticed Nergalle
 11284 | Lair:4   | Killed Nergalle
 11873 | Lair:5   | Found a staircase to the Slime Pits.
 11963 | Lair:5   | Reached ***** piety under Makhleb
 12002 | Lair:5   | Gained mutation: You resist negative energy. (rN+) [Deep Dwarf growth]
 12002 | Lair:5   | Reached XP level 14. HP: 110/133 MP: 9/9
 12620 | Lair:6   | Entered Level 6 of the Lair of Beasts
 12938 | Lair:6   | Reached ****** piety under Makhleb
 13142 | Lair:6   | Got a twisted ring mail
 13150 | Lair:6   | Identified the cursed +0 ring mail "Fujayz" {Slay+5} (You found it on level 6 of the Lair of Beasts)
 13852 | Orc:1    | Entered Level 1 of the Orcish Mines
 13996 | Orc:2    | Entered Level 2 of the Orcish Mines
 14030 | Orc:2    | Found a roughly hewn altar of Beogh.
 14155 | Orc:2    | Noticed RoseArtemis's ghost (journeyman MiFi)
 14199 | Orc:2    | Killed RoseArtemis's ghost
 14274 | Orc:2    | Reached XP level 15. HP: 138/142 MP: 10/10
 14349 | Orc:2    | Found Zivischue's Assorted Antiques.
 14349 | Orc:2    | Found Ireqi's Gadget Emporium.
 14362 | Orc:2    | Found Xixiceac's Jewellery Shoppe.
 14362 | Orc:2    | Found Jacep's Food Shop.
 14400 | Orc:2    | Bought a scroll labeled VES KUODUPRA for 24 gold pieces
 14400 | Orc:2    | Bought a viscous inky potion for 21 gold pieces
 14604 | Orc:2    | Noticed torrenera's ghost (journeyman HOFi)
 14626 | Orc:2    | Killed torrenera's ghost
 14901 | Orc:2    | Found a staircase to the Elven Halls.
 14941 | Orc:1    | Noticed an orc warlord
 15014 | Orc:2    | Killed an orc warlord
 15618 | D:12     | Found Ilietes's Jewellery Shop.
 16218 | D:13     | Noticed varam's ghost (journeyman SpEn)
 16248 | D:13     | Killed varam's ghost
 16290 | D:13     | Noticed Snorg
 16302 | D:13     | Killed Snorg
 17004 | D:14     | Found a gate to the Vaults.
 17235 | D:14     | Noticed Urug
 17250 | D:14     | Killed Urug
 17489 | D:14     | Found Zuuk's Food Shop.
 17584 | D:14     | Identified the Tome of the Escort and Black Magic
 17740 | D:14     | Reached XP level 16. HP: 142/151 MP: 9/9
 17783 | D:15     | Entered Level 15 of the Dungeon
 17855 | D:15     | Found a staircase to the Depths.
 18335 | D:15     | Found a basalt altar of Yredelemnul.
 18486 | D:13     | Got a pitted war axe
 18487 | D:13     | Identified the +8 war axe of Wovi {holy, Dex+2} (You acquired it on level 13 of the Dungeon)
 18652 | Snake:1  | Entered Level 1 of the Snake Pit
 19489 | Snake:2  | Noticed Vashnia
 19512 | Snake:2  | Killed Vashnia
 19801 | Snake:2  | Reached skill level 15 in Armour
 19801 | Snake:2  | Reached skill level 15 in Shields
 20027 | Snake:2  | Reached XP level 17. HP: 81/163 MP: 9/9
 20160 | Snake:2  | Found a shadowy altar of Dithmenos.
 20439 | Snake:3  | Reached skill level 15 in Axes
 20532 | Snake:3  | Reached skill level 15 in Dodging
 20597 | Snake:3  | Noticed Aizul
 20625 | Snake:3  | Killed Aizul
 20829 | Snake:3  | Found a white marble altar of Elyvilon.
 20867 | Snake:3  | Cast into level 1 of the Abyss (naga mage)
 20889 | Abyss:1  | Found a corrupted altar of Lugonu.
 21086 | Abyss:1  | Found a corrupted altar of Lugonu.
 21102 | Snake:3  | Escaped the Abyss
 21551 | Snake:4  | Entered Level 4 of the Snake Pit
 21674 | Snake:4  | Gained mutation: You passively map a large area around you. [Deep Dwarf growth]
 21674 | Snake:4  | Reached XP level 18. HP: 155/174 MP: 1/9
 22106 | Snake:4  | Noticed Saint Roka
 22163 | Snake:4  | Killed Saint Roka
 23011 | Snake:4  | Got a serpentine rune of Zot
 23232 | Shoals:1 | Entered Level 1 of the Shoals
 23777 | Shoals:1 | Noticed Roxanne
 24783 | Shoals:3 | Noticed Polyphemus
 24817 | Shoals:3 | Killed Polyphemus
 24906 | Shoals:3 | Reached XP level 19. HP: 183/183 MP: 9/9
 25380 | Shoals:4 | Entered Level 4 of the Shoals
 25380 | Shoals:4 | Found Sat Ifir's Jewellery Shop.
 25451 | Shoals:4 | Found Muocvuc's Food Shoppe.
 25611 | Shoals:4 | Got a barnacled rune of Zot
 25658 | Shoals:4 | Identified the +2 helmet "Ciusiow" {rPois Int-5 Dex+4} (You found it on level 4 of the Shoals)
 25776 | Shoals:4 | Found the ring of the Mage {Wiz MR++ Int+3}
 25925 | Shoals:4 | Noticed Ilsuiw
 25953 | Shoals:4 | Killed Ilsuiw
 26491 | D:12     | Bought the ring of the Three Tables {rElec Str+2 Dex+3 Stlth+} for 714 gold pieces
 26642 | Elf:1    | Entered Level 1 of the Elven Halls
 27232 | Elf:1    | Noticed Ghella's ghost (adept DrBe)
 27246 | Elf:1    | Killed Ghella's ghost
 27246 | Elf:1    | Reached skill level 15 in Fighting
 27833 | Elf:2    | Found Zadgheaxu's Assorted Antiques.
 27842 | Elf:2    | Bought an amulet of reflection for 44 gold pieces
 27957 | Elf:2    | Found a runed gate.
 27959 | Elf:2    | Found a runed gate.
 27960 | Elf:2    | Found a runed gate.
 28056 | Elf:2    | Found Banish's Assorted Antiques.
 28076 | Elf:2    | Found Ybrygi's General Store.
 28080 | Elf:2    | Bought a scroll of enchant armour for 112 gold pieces
 28117 | Elf:3    | Entered Level 3 of the Elven Halls
 28529 | Elf:3    | Reached XP level 20. HP: 194/194 MP: 10/10
 28996 | Elf:3    | Got a shimmering golden ring
 28998 | Elf:3    | Identified the ring of Pafoclarch {Fire rN+ Str+3} (You found it on level 3 of the Elven Halls)
 29100 | Elf:3    | Got a translucent broad axe
 29101 | Elf:3    | Identified the +7 broad axe "Gynis" {chaos, rPois} (You found it on level 3 of the Elven Halls)
 29349 | Elf:3    | Found a portal to a secret trove of treasure.
 30153 | Depths:1 | Entered Level 1 of the Depths
 30161 | Depths:1 | Found a one-way gate to the infinite horrors of the Abyss.
 30247 | Depths:1 | Found a magical portal.
 30260 | WizLab   | Entered Cigotuvi's Fleshworks
 30448 | WizLab   | Paralysed by a floating eye for 2 turns
 30456 | WizLab   | Paralysed by a floating eye for 4 turns
 30466 | WizLab   | Paralysed by a floating eye for 4 turns
 30499 | WizLab   | Got a clouded pewter ring
 30500 | WizLab   | Identified the ring "Heomudag" {rF- rC+++ Str+2 Int+6} (You found it in a wizard's laboratory)
 30518 | WizLab   | Paralysed by a floating eye for 3 turns
 30527 | WizLab   | Paralysed by a floating eye for 4 turns
 30536 | WizLab   | Paralysed by a floating eye for 2 turns
 30546 | WizLab   | Paralysed by a floating eye for 2 turns
 30551 | WizLab   | Paralysed by a floating eye for 2 turns
 30818 | WizLab   | Identified Sif Muna's Reference Book on Moulding
 31005 | Depths:1 | Gained mutation: You are weak. (Str -2) [potion of mutation]
 31005 | Depths:1 | Gained mutation: You tend to lose your temper in combat. [potion of mutation]
 31005 | Depths:1 | Gained mutation: You have sharp toenails. [potion of mutation]
 31006 | Depths:1 | Lost mutation: You are weak. (Str -2) [potion of mutation]
 31006 | Depths:1 | Lost mutation: You tend to lose your temper in combat. [potion of mutation]
 31006 | Depths:1 | Lost mutation: You have sharp toenails. [potion of mutation]
 31006 | Depths:1 | Gained mutation: You are robust. (+10% HP) [potion of mutation]
 31006 | Depths:1 | Gained mutation: You have a pair of small antennae on your head. [potion of mutation]
 31007 | Depths:1 | Lost mutation: You are robust. (+10% HP) [potion of mutation]
 31007 | Depths:1 | Lost mutation: You have a pair of small antennae on your head. [potion of mutation]
 31007 | Depths:1 | Gained mutation: Your magical capacity is low. (-10% MP) [potion of mutation]
 31007 | Depths:1 | Gained mutation: You are agile. (Dex +2) [potion of mutation]
 31008 | Depths:1 | Lost mutation: Your magical capacity is low. (-10% MP) [potion of mutation]
 31008 | Depths:1 | Lost mutation: You are agile. (Dex +2) [potion of mutation]
 31008 | Depths:1 | Gained mutation: You possess an exceptional clarity of mind. [potion of mutation]
 31008 | Depths:1 | Gained mutation: Your flesh is cold resistant. (rC+) [potion of mutation]
 31008 | Depths:1 | Gained mutation: You are partially covered in molten scales. (AC +2) [potion of mutation]
 31008 | Depths:1 | Gained mutation: You are robust. (+10% HP) [potion of mutation]
 31098 | D:14     | You fall through a shaft!
 31136 | Vaults:1 | Entered Level 1 of the Vaults
 31279 | Vaults:1 | Reached XP level 21. HP: 224/224 MP: 11/11
 31817 | Vaults:1 | Noticed Zwobot's ghost (adept OpEn)
 31843 | Vaults:1 | Killed Zwobot's ghost
 32006 | Vaults:1 | Found Eheh's Assorted Antiques.
 33078 | Vaults:2 | Found a staircase to the Crypt.
 33460 | Vaults:2 | Reached XP level 22. HP: 237/237 MP: 12/12
 35155 | Vaults:4 | Found a flickering gateway to a bazaar.
 35181 | Bazaar   | Entered a bazaar
 35183 | Bazaar   | Found Sezerroq's Armour Boutique.
 35187 | Bazaar   | Found Dinog's Antique Armour Boutique.
 35187 | Bazaar   | Found Vugoko Ludgh's Weapon Boutique.
 35188 | Bazaar   | Found Deni's Weapon Boutique.
 35198 | Bazaar   | Bought a pair of embroidered boots for 195 gold pieces
 35198 | Bazaar   | Bought bloodstained fire dragon scales for 1690 gold pieces
 35198 | Bazaar   | Identified the +1 fire dragon scales of Ijomnerisk {*Drain rElec rF++ rC- rCorr Int+3} (You bought it in a shop in a bazaar)
 36309 | Vaults:5 | Entered Level 5 of the Vaults
 36455 | Vaults:5 | Reached XP level 23. HP: 236/251 MP: 13/13
 36465 | Vaults:5 | Paralysed by a floating eye for 2 turns
 36506 | Vaults:5 | HP: 9/253 [titan/the air (23)]
 36507 | Vaults:5 | HP: 2/253 [vault sentinel/uncursed war axe (7)]
 36508 | Vaults:5 | Killed from afar by a deep elf annihilator

Vault maps used:
D:1:      dpeg_arrival_radiant, dk_noncrumbling_3
D:2:      grunt_dithmenos_smoke, kennysheep_doodads, minmay_ruptured
D:3:      first_ration, hangedman_decor_points
D:4:      uniq_grinder
D:5:      temple_hall, uniq_eustachio
D:6:      lemuel_ice_spiral_2, serial_shops, kennysheep_mini_moat,
          minmay_checkerbox, uniq_blork_the_orc
D:7:      cheibrodos_worm_habitat, serial_shops, shop, uniq_joseph
D:8:      lemuel_doored_altar
D:9:      chequers_temple_overflow_minitemple, erik_orc_4, enter_bailey_7,
          blue_anna_alchemist, uniq_pikel
D:10:     david_lair_shrubbed, serial_shops, shop,
          nicolae_qazlal_style_of_elements
D:11:     serial_shops, shop, kennysheep_pointless_box, st_stairs_13
D:12:     serial_shops, nicolae_shop_crystal, hangedman_decor_clover_reticule
D:13:     uniq_snorg
D:14:     erik_vaults_1, kennysheep_big_empty_room, serial_shops, shop,
          spider_trap, st_stairs_9, uniq_urug
D:15:     grunt_enter_depths_giant_problem, yredelemnul_altar_generic
Temple:   eino_narrow_crystal_temple
Lair:1:   portal_ice_cave_entry_imps, hibernation_bobbens, grunt_megastairs_2
Lair:2:   guppyfry_snake_entry_garden, ldierk_geyser
Lair:3:   forest_entry_grove, uniq_fannar, uniq_gastronok
Lair:4:   minmay_shoals_entry_beasts, beast_lair_carwin_1, uniq_nergalle
Lair:5:   slime_dummy, special_room
Lair:6:   minmay_lair_end_frog_pond
Shoals:1: uniq_roxanne
Shoals:3: nicolae_shoals_flooded_hall, uniq_polyphemus
Shoals:4: shoals_end_grunt_garden, shoals_ilsuiw_alternative, serial_shops,
          shop, nicolae_shop_stone, nicolae_shoals_square_sea_wall
Snake:1:  grunt_ministairs_9, nicolae_snake_single_loop
Snake:2:  basic_altar, nrook_guardian_serpent_ordinary, uniq_vashnia
Snake:3:  basic_altar, uniq_aizul
Snake:4:  minmay_snake_end_coiled, nicolae_snake_squiggles,
          nrook_guardian_serpent_double, uniq_saint_roka
Orc:1:    minmay_orc_keep
Orc:2:    st_orc_ogre_mass, basic_altar
Elf:1:    eino_elf_arrival_the_gate, hangedman_elf_represent, grunt_megastairs_4
Elf:2:    serial_shops, shop, shop_fountains, shop, nicolae_elf_big_sculpture_3
Elf:3:    minmay_elf_hall_not_hex, enter_trove_0, st_stairs_1
Vaults:1: v_misc_19, ontoclasm_vaults_shuriken, nicolae_vaults_big_ls,
          hangedman_vaults_corner_blocks, nicolae_vaults_angled_halls,
          hangedman_vaults_snaps, nicolae_vaults_windows_and_doors_thing,
          nicolae_vaults_c_with_doors, hangedman_vaults_hat,
          nicolae_vaults_three_branches, nicolae_vaults_little_squares_4,
          dpeg_vaults_monster_row, grunt_vaults_hallway_short,
          nicolae_vaults_little_squares_2, grunt_vaults_hallway_short,
          ontoclasm_vaults_hangar, serial_shops, shop_statue
Vaults:2: v_rooms_6, hangedman_vaults_variations, st_cross,
          minmay_crypt_entry_skeletal_spiral, v_misc_11, vaults_mumra_hexcomb,
          nicolae_vaults_what_the_h, nicolae_vaults_ninety_degrees,
          nicolae_vaults_little_squares_3, vaults_room_pool,
          hangedman_vaults_corner_blocks, nicolae_vaults_diagonal_hallway_8,
          ontoclasm_vaults_pinch
Vaults:3: vaults_mumra_lcd, vaults_room_fancy_cross,
          ontoclasm_vaults_ring_small, vaults_room_boxed, v_rooms_1,
          nicolae_vaults_little_squares_1, nicolae_vaults_network_star,
          v_misc_18, nicolae_vaults_yaktaur_gun_rack
Vaults:4: grunt_vaults_twisty, nicolae_vaults_circle_grid_b, vaults_dpeg_hooks,
          v_pattern_2, ontoclasm_vaults_ligature, kb_rosetta,
          ontoclasm_vaults_loading_screen, v_misc_16, hangedman_vaults_trim,
          vaults_room_grunt_arrival_checkpoint, ontoclasm_vaults_ring_large,
          nicolae_vaults_asterisk, v_alt_pattern_2,
          vaults_mumra_minichess_inversion, v_misc_14, ontoclasm_vaults_twist,
          v_misc_15, serial_shops, bzr_entry_customers
Depths:1: infiniplex_enter_wizlab_glasses,
          hangedman_abyss_or_decor_jellyfish_corner, hell_entry, abyss_entry,
          kennysheep_generic_room_3
Bazaar:   bazaar_minmay_cross
Bailey:   bailey_axe_of_yendor_kennysheep, bailey
IceCv:    ice_cave_small_giant
WizLab:   wizlab_cigotuvi

Skill      XL: |  1  2  3  4  5  6  7  8  9 10 11 12 13 14 15 16 17 18 19 20 21 22 |
---------------+-------------------------------------------------------------------+-----
Dodging        | 1 2 3 4 5 6 8 9 10 11 12 13 14 15 16 17 18 19 20 | 20.0
Fighting       | 3 4 5 6 7 8 9 10 11 12 13 14 15 16 18 | 18.8
Axes           | 3 4 5 6 7 8 9 10 11 12 13 14 15 16 17 18 | 18.0
Armour         | 4 5 6 7 9 10 11 12 13 14 15 16 17 18 19 20 | 20.0
Shields        | 4 5 6 7 9 10 11 12 13 14 15 16 17 18 19 20 | 20.0
Invocations    | 1 5 6 |  6.0

Action                   |  1- 3 |  4- 6 |  7- 9 | 10-12 | 13-15 | 16-18 | 19-21 | 22-24 || total
-------------------------+-------+-------+-------+-------+-------+-------+-------+-------++-------
Melee: War axe           |   123 |   109 |   307 |   732 |  1515 |  1834 |  2182 |   678 ||  7480
Throw: Tomahawk          |       |     2 |     2 |       |       |       |       |       ||     4
       Throwing net      |       |       |     2 |       |       |       |       |       ||     2
Invok: Lesser Servant of |       |       |       |       |       |       |     4 |       ||     4
 Abil: Heal Wounds       |     1 |     6 |    13 |    31 |     2 |    23 |     4 |     2 ||    82
Evoke: Wand              |       |       |       |     6 |     6 |     6 |     3 |       ||    21
  Use: Potion            |       |     1 |       |       |     2 |     9 |     8 |     1 ||    21
       Scroll            |       |       |       |    14 |     8 |     5 |     6 |     4 ||    37
 Stab: Held in net/web   |       |       |     1 |       |       |       |       |       ||     1
       Petrified         |       |       |       |       |     4 |     7 |       |       ||    11
       Petrifying        |       |       |       |       |       |     1 |       |       ||     1
       Distracted        |       |       |       |       |       |       |     1 |     1 ||     2
  Eat: Chunk             |     3 |     2 |    10 |    17 |    27 |    23 |    24 |    10 ||   116
       Ration            |       |       |       |       |       |     1 |     2 |       ||     3
Armor: Scale mail        |    52 |       |       |       |       |       |       |       ||    52
       Chain mail        |    10 |    53 |   148 |   290 |   225 |       |       |       ||   726
       Plate armour      |       |       |       |       |   111 |   380 |   317 |   228 ||  1036
Dodge: Dodged            |    42 |    26 |   115 |   335 |   400 |   565 |   485 |   367 ||  2335
Block: Shield            |    77 |    48 |   171 |   446 |       |       |       |       ||   742
       Large shield      |       |       |       |    96 |  1790 |  2500 |  2312 |  1061 ||  7759
       Reflection        |       |       |       |       |    35 |   295 |   247 |    62 ||   639

Table legend:
 A = Spawn XP
 B = Non-spawn XP
 C = Spawn XP percentage of total XP
 D = Spawn monster count
 E = Non-spawn monster count
 F = Spawn count percentage of total count
 G = Total turns spent on level
                    A         B        C        D         E        F      G
               +---------+---------+-------+---------+---------+-------+---------
         Total |   13985 |  849370 |   1.6 |      20 |    1958 |   1.0 | 36508
               +---------+---------+-------+---------+---------+-------+---------
           D:1 |       0 |      40 |   0.0 |       0 |      22 |   0.0 |   730
           D:2 |       0 |      45 |   0.0 |       0 |      23 |   0.0 |   837
           D:3 |       0 |     136 |   0.0 |       0 |      15 |   0.0 |   550
           D:4 |       0 |     639 |   0.0 |       0 |      11 |   0.0 |   427
           D:5 |       0 |     933 |   0.0 |       0 |      21 |   0.0 |   669
           D:6 |       0 |    1082 |   0.0 |       0 |      29 |   0.0 |   891
           D:7 |       0 |    1163 |   0.0 |       0 |      27 |   0.0 |   543
           D:8 |       0 |    2265 |   0.0 |       0 |      20 |   0.0 |   802
           D:9 |       0 |    2648 |   0.0 |       0 |      30 |   0.0 |   826
          D:10 |       0 |    4169 |   0.0 |       0 |      60 |   0.0 |   809
          D:11 |       0 |    5009 |   0.0 |       0 |      35 |   0.0 |   991
          D:12 |       0 |    2790 |   0.0 |       0 |      24 |   0.0 |   814
          D:13 |       0 |    7089 |   0.0 |       0 |      32 |   0.0 |   739
          D:14 |       0 |   15109 |   0.0 |       0 |      42 |   0.0 |   947
          D:15 |       0 |   14900 |   0.0 |       0 |      32 |   0.0 |   742
        Lair:1 |       0 |    3730 |   0.0 |       0 |      29 |   0.0 |   951
        Lair:2 |       0 |    3352 |   0.0 |       0 |      15 |   0.0 |   718
        Lair:3 |       0 |   11186 |   0.0 |       0 |      33 |   0.0 |   891
        Lair:4 |       0 |   12081 |   0.0 |       0 |      39 |   0.0 |   972
        Lair:5 |       0 |   17711 |   0.0 |       0 |      75 |   0.0 |   836
        Lair:6 |       0 |   18483 |   0.0 |       0 |      70 |   0.0 |  1076
      Shoals:1 |       0 |   25678 |   0.0 |       0 |      51 |   0.0 |   749
      Shoals:2 |       0 |    9007 |   0.0 |       0 |      19 |   0.0 |   726
      Shoals:3 |       0 |   24494 |   0.0 |       0 |      41 |   0.0 |   735
      Shoals:4 |       0 |   35373 |   0.0 |       0 |      54 |   0.0 |   882
       Snake:1 |       0 |   11327 |   0.0 |       0 |      29 |   0.0 |   691
       Snake:2 |       0 |   42522 |   0.0 |       0 |      72 |   0.0 |  1105
       Snake:3 |       0 |   43811 |   0.0 |       0 |      78 |   0.0 |   958
       Snake:4 |       0 |   47932 |   0.0 |       0 |      88 |   0.0 |  1541
         Orc:1 |       0 |    4707 |   0.0 |       0 |      66 |   0.0 |   589
         Orc:2 |       0 |   29089 |   0.0 |       0 |     102 |   0.0 |  1088
         Elf:1 |       0 |   32661 |   0.0 |       0 |      54 |   0.0 |  1160
         Elf:2 |       0 |   27796 |   0.0 |       0 |      37 |   0.0 |   907
         Elf:3 |       0 |   57283 |   0.0 |       0 |      63 |   0.0 |  1233
      Vaults:1 |       0 |   85571 |   0.0 |       0 |     145 |   0.0 |  1359
      Vaults:2 |       0 |   53162 |   0.0 |       0 |      92 |   0.0 |  1359
      Vaults:3 |       0 |   26835 |   0.0 |       0 |      48 |   0.0 |  1198
      Vaults:4 |       0 |   62233 |   0.0 |       0 |      82 |   0.0 |  1211
      Vaults:5 |       0 |   59339 |   0.0 |       0 |      51 |   0.0 |   199
      Depths:1 |       0 |    6316 |   0.0 |       0 |       7 |   0.0 |   167
       Abyss:1 |   13985 |    2872 |  83.0 |      20 |       4 |  83.3 |   235
        Bailey |       0 |    1475 |   0.0 |       0 |       5 |   0.0 |   126
         IceCv |       0 |    9075 |   0.0 |       0 |      36 |   0.0 |   552
        WizLab |       0 |   26252 |   0.0 |       0 |      50 |   0.0 |   744
               +---------+---------+-------+---------+---------+-------+---------
